TOP OF THE 1ST |
Nassau Rockets batting - Pitching for Orlando Calrissian : LHP Mark Collins
|
Pitching: LHP Mark Collins
|
|
Batting: LHB Don Ramey
|
0-0: Foul Ball, location: 2F 0-1: Ball 1-1: SINGLE (Groundball, 34D)
|
Batting: RHB Salvador Borbón
|
0-0: Called Strike 0-1: Called Strike 0-2: Ball 1-2: Strikes out swinging
|
Batting: LHB Rafael Delgado
|
0-0: Called Strike 0-1: Called Strike 0-2: Ball 1-2: Strikes out swinging
|
Batting: LHB Andrew Alvarado
|
0-0: Ball 1-0: Foul Ball, location: 2F 1-1: Swinging Strike 1-2: Strikes out looking
|
Top of the 1st over - 0 run(s), 1 hit(s), 0 error(s), 1 left on base; Nassau 0 - Orlando 0 |
BOTTOM OF THE 1ST |
Orlando Calrissian batting - Pitching for Nassau Rockets : LHP Rod Adams
|
Pitching: LHP Rod Adams
|
|
Batting: RHB José Pérez
|
0-0: SINGLE (Groundball, 6M) (infield hit)
|
Batting: RHB Frederico Hernández
|
0-0: Ball 1-0: Called Strike 1-1: Called Strike 1-2: Ball 2-2: Grounds into double play, 6-4-3 (Groundball, 6)
|
Batting: RHB Raúl Canó
|
0-0: Fly out, F7 (Flyball, 7LS)
|
Bottom of the 1st over - 0 run(s), 1 hit(s), 0 error(s), 0 left on base; Nassau 0 - Orlando 0 |
TOP OF THE 2ND |
Nassau Rockets batting - Pitching for Orlando Calrissian : LHP Mark Collins
|
Batting: LHB Gene Cooper
|
0-0: Called Strike 0-1: Ground out U3 (Groundball, 3L)
|
Batting: RHB Bill Little
|
0-0: Ball 1-0: Ball 2-0: Ball 3-0: Called Strike 3-1: Base on Balls
|
Batting: LHB Wilson Allen
|
0-0: Called Strike 0-1: Ball 1-1: Ball Wild Pitch! Bill Little to second 2-1: Foul Ball, location: 2F 2-2: Strikes out swinging
|
Batting: RHB Brant Sherman
|
0-0: Swinging Strike 0-1: Foul Ball, location: 2F 0-2: Ball 1-2: Strikes out swinging
|
Top of the 2nd over - 0 run(s), 0 hit(s), 0 error(s), 1 left on base; Nassau 0 - Orlando 0 |
BOTTOM OF THE 2ND |
Orlando Calrissian batting - Pitching for Nassau Rockets : LHP Rod Adams
|
Batting: LHB Santiago Márquez
|
0-0: Ball 1-0: Called Strike 1-1: Ball 2-1: Fly out, F6 (Line Drive, 6)
|
Batting: RHB Júlio Negrón
|
0-0: Ball 1-0: Ball 2-0: Called Strike 2-1: Foul Ball, location: 2F 2-2: Ball 3-2: Strikes out swinging
|
Batting: SHB Brian Price
|
0-0: Ball 1-0: Called Strike 1-1: Foul Ball, location: 2F 1-2: Strikes out swinging
|
Bottom of the 2nd over - 0 run(s), 0 hit(s), 0 error(s), 0 left on base; Nassau 0 - Orlando 0 |
TOP OF THE 3RD |
Nassau Rockets batting - Pitching for Orlando Calrissian : LHP Mark Collins
|
Batting: LHB Juan Romero
|
0-0: Ground out U3 (Groundball, 3L)
|
Batting: LHB Don Ramey
|
0-0: Called Strike 0-1: Ball 1-1: Ground out 4-3 (Groundball, 4MD)
|
Batting: RHB Salvador Borbón
|
0-0: Foul Ball, location: 2F 0-1: Ball 1-1: Called Strike 1-2: Foul Ball, location: 2F 1-2: Foul Ball, location: 2F 1-2: Ball 2-2: SINGLE (Groundball, 6S) (infield hit)
|
Batting: LHB Rafael Delgado
|
0-0: Called Strike 0-1: Ball 1-1: Foul Ball, location: 2F 1-2: Ball 2-2: Ball 3-2: Foul Ball, location: 2F 3-2: Foul Ball, location: 2F 3-2: Strikes out looking
|
Top of the 3rd over - 0 run(s), 1 hit(s), 0 error(s), 1 left on base; Nassau 0 - Orlando 0 |
BOTTOM OF THE 3RD |
Orlando Calrissian batting - Pitching for Nassau Rockets : LHP Rod Adams
|
Batting: RHB Chet Decker
|
0-0: Ball 1-0: Called Strike 1-1: Swinging Strike 1-2: Ball 2-2: Fly out, F9 (Line Drive, 9LM)
|
Batting: RHB Jesús Gonzáles
|
0-0: Swinging Strike 0-1: Ball 1-1: Ball 2-1: Foul Ball, location: 2F 2-2: Foul Ball, location: 2F 2-2: Strikes out swinging
|
Batting: SHB Jaime Montés
|
0-0: Ball 1-0: Ball 2-0: Ball 3-0: Base on Balls
|
Batting: RHB José Pérez
|
0-0: Swinging Strike 0-1: Ball 1-1: Ball 2-1: Fly out, F8 (Flyball, 8LM)
|
Bottom of the 3rd over - 0 run(s), 0 hit(s), 0 error(s), 1 left on base; Nassau 0 - Orlando 0 |
TOP OF THE 4TH |
Nassau Rockets batting - Pitching for Orlando Calrissian : LHP Mark Collins
|
Batting: LHB Andrew Alvarado
|
0-0: Ball 1-0: Ball 2-0: Called Strike 2-1: Ball 3-1: Foul Ball, location: 2F 3-2: Ground out 4-3 (Groundball, 34)
|
Batting: LHB Gene Cooper
|
0-0: Called Strike 0-1: Foul Ball, location: 2F 0-2: Ball 1-2: Strikes out swinging
|
Batting: RHB Bill Little
|
0-0: SINGLE (Line Drive, 6MD)
|
Batting: LHB Wilson Allen
|
0-0: SINGLE (Flyball, 8LS) Bill Little to second Runner from 2nd tries for 3rd, SAFE, throw made to third
|
Batting: RHB Brant Sherman
|
0-0: Foul Ball, location: 2F 0-1: Ball 1-1: Ball 2-1: Foul Ball, location: 2F 2-2: Foul Ball, location: 2F 2-2: Fly out, F8 (Flyball, 8LD)
|
Top of the 4th over - 0 run(s), 2 hit(s), 0 error(s), 2 left on base; Nassau 0 - Orlando 0 |
BOTTOM OF THE 4TH |
Orlando Calrissian batting - Pitching for Nassau Rockets : LHP Rod Adams
|
Batting: RHB Frederico Hernández
|
0-0: Ball 1-0: SINGLE (Groundball, 6MD)
|
Batting: RHB Raúl Canó
|
0-0: Grounds into double play, 4-6-3 (Groundball, 4)
|
Batting: LHB Santiago Márquez
|
0-0: Ball 1-0: Ball 2-0: Ball 3-0: Called Strike 3-1: Foul Ball, location: 2F 3-2: Base on Balls
|
Batting: RHB Júlio Negrón
|
0-0: Called Strike 0-1: Ball 1-1: Ball 2-1: Called Strike 2-2: Fly out, F7 (Flyball, 78XD)
|
Bottom of the 4th over - 0 run(s), 1 hit(s), 0 error(s), 1 left on base; Nassau 0 - Orlando 0 |
TOP OF THE 5TH |
Nassau Rockets batting - Pitching for Orlando Calrissian : LHP Mark Collins
|
Batting: LHB Juan Romero
|
0-0: Ball 1-0: Ball 2-0: Called Strike 2-1: Fly out, F9 (Flyball, 9S)
|
Batting: LHB Don Ramey
|
0-0: Called Strike 0-1: Ball 1-1: SINGLE (Groundball, 4MD)
|
Batting: RHB Salvador Borbón
|
0-0: Ball 1-0: SINGLE (Groundball, 56D) Don Ramey to second
|
Batting: LHB Rafael Delgado
|
0-0: Ball 1-0: SINGLE (Groundball, 34D) Don Ramey to third Salvador Borbón to second
|
Batting: LHB Andrew Alvarado
|
0-0: Swinging Strike 0-1: Ball 1-1: Foul Ball, location: 2F 1-2: Ball 2-2: Foul Ball, location: 2F 2-2: Ball 3-2: Foul Ball, location: 2F 3-2: Strikes out swinging
|
Batting: LHB Gene Cooper
|
0-0: Ball 1-0: Called Strike 1-1: Called Strike 1-2: Fly out, F7 (Flyball, 78M)
|
Top of the 5th over - 0 run(s), 3 hit(s), 0 error(s), 3 left on base; Nassau 0 - Orlando 0 |
BOTTOM OF THE 5TH |
Orlando Calrissian batting - Pitching for Nassau Rockets : LHP Rod Adams
|
Batting: SHB Brian Price
|
0-0: Ball 1-0: Called Strike 1-1: Foul Ball, location: 2F 1-2: Fly out, F5 (Popup, 5S)
|
Batting: RHB Chet Decker
|
0-0: Fly out, F8 (Flyball, 78S)
|
Batting: RHB Jesús Gonzáles
|
0-0: Ball 1-0: Ball 2-0: Called Strike 2-1: Fly out, F9 (Flyball, 9LS)
|
Bottom of the 5th over - 0 run(s), 0 hit(s), 0 error(s), 0 left on base; Nassau 0 - Orlando 0 |
TOP OF THE 6TH |
Nassau Rockets batting - Pitching for Orlando Calrissian : LHP Mark Collins
|
Batting: RHB Bill Little
|
0-0: Ball 1-0: Ball 2-0: Called Strike 2-1: SINGLE (Line Drive, 6M)
|
Batting: LHB Wilson Allen
|
0-0: Ground out U3 (Groundball, 3L) Bill Little to second
|
Batting: RHB Brant Sherman
|
0-0: TRIPLE (Flyball, 9LM) Bill Little scores
|
Batting: LHB Juan Romero
|
0-0: Called Strike 0-1: Ball 1-1: Swinging Strike 1-2: SINGLE (Groundball, 56) Brant Sherman scores
|
Batting: LHB Don Ramey
|
0-0: Swinging Strike 0-1: Ball 1-1: DOUBLE (Line Drive, 89S) Juan Romero to third
|
Batting: RHB Salvador Borbón
|
0-0: Ball 1-0: Called Strike 1-1: Ball 2-1: Ball 3-1: Called Strike 3-2: Strikes out looking
|
Pitching: RHP Will Huggins
|
|
Batting: LHB Rafael Delgado
|
0-0: Called Strike 0-1: Foul Ball, location: 2F 0-2: Ball 1-2: Ball 2-2: SINGLE (Flyball, 89S) Juan Romero scores Don Ramey to third Runner from 3rd tries for Home, SAFE, no throw
|
Batting: LHB Andrew Alvarado
|
0-0: Foul Ball, location: 2F 0-1: Ball 1-1: Foul Ball, location: 2F 1-2: Foul Ball, location: 2F 1-2: Ball Rafael Delgado steals 2nd base 2-2: Strikes out swinging
|
Top of the 6th over - 4 run(s), 5 hit(s), 0 error(s), 1 left on base; Nassau 4 - Orlando 0 |
BOTTOM OF THE 6TH |
Orlando Calrissian batting - Pitching for Nassau Rockets : LHP Rod Adams
|
Batting: SHB Jaime Montés
|
0-0: Swinging Strike 0-1: Ball 1-1: Ball 2-1: Foul Ball, location: 2F 2-2: Fly out, F7 (Flyball, 7)
|
Batting: RHB José Pérez
|
0-0: Called Strike 0-1: Swinging Strike 0-2: Ball 1-2: Foul Ball, location: 2F 1-2: Strikes out looking
|
Batting: RHB Frederico Hernández
|
0-0: Ball 1-0: Foul Ball, location: 2F 1-1: Ball 2-1: Called Strike 2-2: Ball 3-2: Foul Ball, location: 2F 3-2: Foul Ball, location: 2F 3-2: Base on Balls
|
Batting: RHB Raúl Canó
|
0-0: Ball 1-0: Ball 2-0: Foul Ball, location: 2F 2-1: Swinging Strike 2-2: Fielders Choice at 2nd, 5-4 (Groundball, 5L)
|
Bottom of the 6th over - 0 run(s), 0 hit(s), 0 error(s), 0 left on base; Nassau 4 - Orlando 0 |
TOP OF THE 7TH |
Nassau Rockets batting - Pitching for Orlando Calrissian : RHP Will Huggins
|
Batting: LHB Gene Cooper
|
0-0: Swinging Strike 0-1: Foul Ball, location: 2F 0-2: Ball 1-2: Fly out, F8 (Flyball, 8LM)
|
Batting: RHB Bill Little
|
0-0: Swinging Strike 0-1: Called Strike 0-2: Ball 1-2: Foul Ball, location: 2F 1-2: Strikes out swinging
|
Batting: LHB Wilson Allen
|
0-0: Ball 1-0: SOLO HOME RUN (Flyball, 9D), Distance : 374 ft
|
Batting: RHB Brant Sherman
|
0-0: Ball 1-0: Called Strike 1-1: SINGLE (Line Drive, 56)
|
Batting: LHB Juan Romero
|
0-0: Called Strike 0-1: Fielders Choice at 2nd, 4-6 (Groundball, 34)
|
Top of the 7th over - 1 run(s), 2 hit(s), 0 error(s), 0 left on base; Nassau 5 - Orlando 0 |
BOTTOM OF THE 7TH |
Orlando Calrissian batting - Pitching for Nassau Rockets : LHP Rod Adams
|
Batting: LHB Santiago Márquez
|
0-0: Fly out, F9 (Flyball, 9S)
|
Batting: RHB Júlio Negrón
|
0-0: Ball 1-0: SINGLE (Flyball, 89S)
|
Batting: SHB Brian Price
|
0-0: Ball 1-0: Grounds into double play, 4-6-3 (Groundball, 34)
|
Bottom of the 7th over - 0 run(s), 1 hit(s), 0 error(s), 0 left on base; Nassau 5 - Orlando 0 |
TOP OF THE 8TH |
Nassau Rockets batting - Pitching for Orlando Calrissian : RHP Will Huggins
|
Batting: LHB Don Ramey
|
0-0: SOLO HOME RUN (Flyball, 9D), Distance : 392 ft
|
Batting: RHB Salvador Borbón
|
0-0: Foul Ball, location: 2F 0-1: Foul Ball, location: 2F 0-2: Ball 1-2: Strikes out swinging
|
Batting: LHB Rafael Delgado
|
0-0: Ball 1-0: Swinging Strike 1-1: Foul Ball, location: 2F 1-2: SINGLE (Line Drive, 34D)
|
Batting: LHB Andrew Alvarado
|
0-0: Ball 1-0: Ball Rafael Delgado steals 2nd base 2-0: Foul Ball, location: 2F 2-1: Ball 3-1: SINGLE (Groundball, 34D) Rafael Delgado to third Runner from 3rd tries for Home, SAFE, no throw
|
Pitching: LHP Pepe Caro
|
|
Batting: LHB Gene Cooper
|
0-0: Ball 1-0: Swinging Strike 1-1: Called Strike 1-2: Ball 2-2: Ground out U3 (Groundball, 3S) Andrew Alvarado to second
|
Batting: RHB Bill Little
|
0-0: Called Strike 0-1: Ball 1-1: Foul Ball, location: 2F 1-2: Fly out, F4 (Line Drive, 4)
|
Top of the 8th over - 2 run(s), 3 hit(s), 0 error(s), 1 left on base; Nassau 7 - Orlando 0 |
BOTTOM OF THE 8TH |
Orlando Calrissian batting - Pitching for Nassau Rockets : LHP Rod Adams
|
Batting: RHB Chet Decker
|
0-0: Called Strike 0-1: Foul Ball, location: 2F 0-2: Ball 1-2: Foul Ball, location: 2F 1-2: Ball 2-2: SOLO HOME RUN (Flyball, 7D), Distance : 378 ft
|
Batting: RHB Jesús Gonzáles
|
0-0: Ball 1-0: Called Strike 1-1: Ball 2-1: Ground out 4-3 (Groundball, 4)
|
Batting: SHB Jaime Montés
|
0-0: Foul Ball, location: 2F 0-1: Foul Ball, location: 2F 0-2: Ball 1-2: Strikes out swinging
|
Batting: RHB José Pérez
|
0-0: SINGLE (Groundball, 4MD)
|
Pitching: RHP Ju-choer Yi
|
|
Batting: RHB Frederico Hernández
|
0-0: Ball 1-0: Ball 2-0: Foul Ball, location: 2F 2-1: Ball 3-1: Fielders Choice at 2nd, 5-4 (Groundball, 56)
|
Bottom of the 8th over - 1 run(s), 2 hit(s), 0 error(s), 0 left on base; Nassau 7 - Orlando 1 |
TOP OF THE 9TH |
Nassau Rockets batting - Pitching for Orlando Calrissian : LHP Pepe Caro
|
Batting: LHB Wilson Allen
|
0-0: Foul Ball, location: 2F 0-1: Ball 1-1: Ground out U3 (Groundball, 3L)
|
Batting: RHB Brant Sherman
|
0-0: Called Strike 0-1: DOUBLE (Line Drive, 9D)
|
Batting: LHB Juan Romero
|
0-0: Ball 1-0: Called Strike 1-1: Called Strike 1-2: Foul Ball, location: 2F 1-2: Ground out U3 (Groundball, 34) Brant Sherman to third
|
Batting: LHB Don Ramey
|
0-0: Ball 1-0: Foul Ball, location: 2F 1-1: Ground out 6-3 (Groundball, 6)
|
Top of the 9th over - 0 run(s), 1 hit(s), 0 error(s), 1 left on base; Nassau 7 - Orlando 1 |
BOTTOM OF THE 9TH |
Orlando Calrissian batting - Pitching for Nassau Rockets : RHP Ju-choer Yi
|
Now at SS: Pete Harvey
|
|
Batting: RHB Raúl Canó
|
0-0: Ball 1-0: Ground out 1-3 (Groundball, 15S)
|
Batting: LHB Santiago Márquez
|
0-0: Ball 1-0: Ball 2-0: Called Strike 2-1: Fly out, F4 (Popup, 4MD)
|
Batting: RHB Júlio Negrón
|
0-0: Swinging Strike 0-1: Foul Ball, location: 2F 0-2: Ground out 6-3 (Groundball, 6)
|
Bottom of the 9th over - 0 run(s), 0 hit(s), 0 error(s), 0 left on base; Nassau 7 - Orlando 1 |
|